 Dungeon Crawl Stone Soup version 0.27-a0-887-gcab673c142 (webtiles) character file.

Game seed: 12100330707559415401

26 Lanoc the Slasher (level 2, -3/24 HPs)
             Began as a Vampire Chaos Knight on Apr 4, 2021.
             Was a Plaything of Xom.
             Slain by a gnoll
             ... wielding a +0 flail
              (9 damage)
             ... on level 2 of the Dungeon.
             The game lasted 00:01:09 (323 turns).

Lanoc the Slasher (Vampire Chaos Knight)             Turns: 323, Time: 00:01:10

Health: -3/24      AC:  5    Str: 11    XL:     2   Next: 89%
Magic:  2/2        EV: 12    Int: 14    God:    Xom [..*...]
Gold:   40         SH:  0    Dex: 13    Spells: 1/1 levels left

rFire    . . .     SeeInvis +   a - +0 falchion (chaos)
rCold    . . .     Faith    .   (no shield)
rNeg     . . .     Spirit   .   b - +2 leather armour
rPois    .         Reflect  .   (no helmet)
rElec    .         Harm     .   (no cloak)
rCorr    .         Rampage  .   (no gloves)
Will     .....                  (no boots)
Stlth    +.........             (no amulet)
HPRegen  0.28/turn              (no ring)
MPRegen  0.08/turn              (no ring)

@: regenerating quickly
A: alive, fangs 3, see invisible, unbreathing 1, vampiric 1
a: Exsanguinate, Renounce Religion


You were on level 2 of the Dungeon.
You worshipped Xom.
You were a toy of Xom.
You visited 1 branch of the dungeon, and saw 2 of its levels.

You collected 40 gold pieces.

Inventory:

Hand Weapons
 a - a +0 falchion of chaos (weapon)
Armour
 b - a +2 leather armour (worn)
Jewellery
 e - a +4 ring of protection
Scrolls
 c - a scroll of identify {unknown}
 d - a scroll of teleportation {unknown}


   Skills:
 + Level 3.0 Fighting
 + Level 3.3 Long Blades
 + Level 1.2 Armour
 + Level 2.7 Dodging


You had one spell level left.
You didn't know any spells.
Your spell library was empty.

Dungeon Overview and Level Annotations

Branches:
Dungeon (1/15)

Altars:


Innate Abilities, Weirdness & Mutations

Your natural rate of healing is unusually fast.
You have razor-sharp teeth.
You have supernaturally acute eyesight. (SInv)
You can survive without breathing.
You are afflicted with vampirism.


Message History

A chill wind blows around you. The gnoll barely misses your ice beast.
The gnoll barely misses your ice beast.
Your ice beast closely misses the gnoll.
The gnoll hits your ice beast with a +0 club!
Your ice beast hits the gnoll.
Your ice beast freezes the gnoll!
The gnoll hits your ice beast with a +0 club.
Your ice beast hits the gnoll but does no damage.
The gnoll hits your ice beast with a +0 club.
Your ice beast hits the gnoll.
Your ice beast freezes the gnoll.
The gnoll dies!
Your Fighting skill increases to level 3!
Your ice beast hits the gnoll.
Your ice beast freezes the gnoll.
The gnoll misses your ice beast.
Your ice beast barely misses the gnoll.
The gnoll hits your ice beast with a +0 flail!
Your ice beast dies! "Let's try an experiment, hmmm?"
Your scroll labelled QARUAS GOSIYN falls out of your pack, then immediately jumps back in!
A hobgoblin comes into view.
The hobgoblin shouts!
Found 5 gold pieces.
Found a stone staircase leading down.
You hit the hobgoblin but do no damage. You drain the hobgoblin.
The hobgoblin is almost dead.
The hobgoblin barely misses you.
An endoplasm comes into view.
The gnoll hits you with a +0 flail.
A worm comes into view.
The hobgoblin hits you.
The hobgoblin hits you but does no damage.
The hobgoblin barely misses you.
You riposte.
You hit the hobgoblin.
You kill the hobgoblin!
Found a dagger.
There is a stone staircase leading down here.
You hit the gnoll. You freeze the gnoll. You bite the gnoll, but do no damage.
The gnoll is almost dead.
The gnoll hits you with a +0 flail.
* * * LOW HITPOINT WARNING * * *
You closely miss the gnoll.
The gnoll is almost dead.
The gnoll hits you with a +0 flail!
You die...

#.....####...
......#.>......
....#.#..###$..
#####....#
#......#
#.##...#
#.##.g##
##...Jg####
#.......@..#
#..........#
#......)...#
###........+
#.....####
#.....# #.....#
#.....


You could see 2 gnolls and an endoplasm.

Vanquished Creatures
  A river rat (D:2)
  A ball python (D:2)
  2 endoplasms
  A giant cockroach (D:2)
  3 hobgoblins (D:2)
  2 frilled lizards
  A kobold (D:2)
11 creatures vanquished.

Vanquished Creatures (collateral kills)
  A gnoll (D:2)
1 creature vanquished.

Grand Total: 12 creatures vanquished

Notes
Turn   | Place    | Note
-------+----------+-------------------------------------------
     0 | D:1      | Lanoc the Vampire Chaos Knight began the quest for the Orb.
     0 | D:1      | Reached XP level 1. HP: 17/17 MP: 1/1
    62 | D:1      | You fall into a shaft and drop 1 floor!
   186 | D:2      | Reached skill level 1 in Armour
   205 | D:2      | Reached XP level 2. HP: 17/23 MP: 2/2
   282 | D:2      | XOM: cast spell 'Summon Ice Beast'
   305 | D:2      | XOM: silly message
   323 | D:2      | Slain by a gnoll

Illustrated notes

Levels and vault maps discovered:
D:1:      roderic_crossed_star, layout_basic, chequers_ecumenical_altar_twisty
D:2:      layout_basic, minmay_distorted

Skill      XL: |  1  2 |
---------------+-------+-----
Armour         | 1 |  1.2
Fighting       | 3 |  3.0
Long Blades    | |  3.3
Dodging        | |  2.7

Action                   || total
-------------------------++-------
Melee: Falchion          ||    36
       Bite              ||     3
 Stab: Sleeping          ||     1
Armor: Leather armour    ||    11
Dodge: Dodged            ||    24
       Rpst.: Falchion   ||     7

Table legend: (Time is in decaauts)
 A = Elapsed time spent in this place.
 B = Non-inter-level travel time spent in this place.
 C = Inter-level travel time spent in this place.
 D = Time resting spent in this place.
 E = Time spent auto-exploring this place.
 F = Levels seen in this place.
 G = Mean time per level.
                   A        B        C        D        E       F      G
               +--------+--------+--------+--------+--------+-----+--------+
         Total |    327 |    327 |      0 |      0 |    203 |   2 |  163.5 |
       Dungeon |    327 |    327 |      0 |      0 |    203 |   2 |  163.5 |
               +--------+--------+--------+--------+--------+-----+--------+

Top non-repeatable levels by time:
     D:2: 265 daAuts
     D:1: 62 daAuts
